 Dungeon Crawl Stone Soup version 0.27-a0-695-gb4952372f7 (webtiles) character file.

Game seed: 10651923097737027489

1664 porpoise the Skirmisher (level 9, -3/64 HPs)
             Began as an Octopode Wanderer on Mar 21, 2021.
             Was an Initiate of Gozag.
             Slain by a gnoll sergeant
             ... wielding a +5 vorpal spear
              (4 damage)
             ... on level 6 of the Dungeon.
             The game lasted 00:26:44 (7497 turns).

porpoise the Skirmisher (Octopode Wanderer)         Turns: 7497, Time: 00:26:47

Health: -3/64      AC:  3    Str: 13    XL:     9   Next: 1%
Magic:  9/9        EV: 14    Int: 15    God:    Gozag
Gold:   259        SH:  6    Dex: 12    Spells: 4/8 levels left

rFire    . . .     SeeInvis .   a - +1 short sword (venom)
rCold    . . .     Faith    .   d - +1 buckler
rNeg     . . .     Spirit   .   (helmet restricted)
rPois    +         Reflect  .   (no amulet)
rElec    .         Harm     .   (no ring)
rCorr    .         Rampage  .   (no ring)
Will     .....                  (no ring)
Stlth    ++++......             (no ring)
HPRegen  0.20/turn              (no ring)
MPRegen  0.11/turn              (no ring)
                                (no ring)
                                (no ring)

@: no status effects
A: almost no armour, amphibious, 8 rings, camouflage 1, gelatinous body 1,
nimble swimmer 1, tentacles, icy blue scales 1, poison resistance
a: Renounce Religion, Potion Petition, Call Merchant, Bribe Branch


You were on level 6 of the Dungeon.
You worshipped Gozag.
Gozag was aware of your devotion.
You visited 2 branches of the dungeon, and saw 7 of its levels.

You collected 316 gold pieces.
You paid 57 gold pieces to Gozag.

Inventory:

Hand Weapons
 a - a +1 short sword of venom (weapon)
 b - a +0 hunting sling
 m - a +2 whip of holy wrath
 q - a +2 hand crossbow
 w - a +3 dagger of venom
 C - a +0 rapier
Missiles
 c - 19 bolts
 f - 16 sling bullets
 h - 136 stones
 j - 10 boomerangs (quivered)
 A - 13 poisoned darts
Armour
 d - a +1 buckler (worn)
Jewellery
 o - a +4 ring of slaying
Wands
 g - a wand of digging (6)
Scrolls
 i - a scroll of blinking {unknown}
 k - a scroll of noise {unknown}
 l - a scroll of magic mapping {unknown}
 p - a scroll of fear {unknown}
 t - a scroll of acquirement {unknown}
 v - a scroll of fog {unknown}
 x - a scroll of enchant weapon {unknown}
 y - a scroll of enchant armour
Potions
 e - a potion of cancellation
 n - a potion of curing
 r - a potion of lignification
 s - a potion of ambrosia
 u - a potion of resistance
 z - a potion of mutation
 B - a potion of berserk rage


   Skills:
 + Level 7.0 Fighting
 - Level 5.0 Short Blades
 - Level 3.0 Crossbows
 - Level 1.0 Throwing
 - Level 5.0 Dodging
 + Level 5.9 Stealth
 - Level 4.0 Shields


You had 4 spell levels left.
You knew the following spells:

 Your Spells              Type           Power      Damage    Failure   Level
a - Apportation           Tloc           0%         N/A       26%         1
c - Corona                Hex            0%         N/A       26%         1
k - Blink                 Tloc           N/A        N/A       38%         2

Your spell library contained the following spells:

 Spells                   Type           Power      Damage    Failure   Level
 Animate Skeleton         Necr           0%         N/A       26%         1
 Magic Dart               Conj           0%         1d3       26%         1
 Summon Small Mammal      Summ           0%         N/A       26%         1
 Call Imp                 Summ           0%         N/A       38%         2
 Slow                     Hex            0%         N/A       38%         2
 Conjure Flame            Conj/Fire      0%         6-21      63%         3
 Mephitic Cloud           Conj/Pois/Air  0%         N/A       63%         3


Dungeon Overview and Level Annotations

Branches:
Dungeon (6/15)             Temple (1/1) D:4

Altars:
Ashenzari
Cheibriados
Dithmenos
Elyvilon
Fedhas
Gozag
Hepliaklqana
Kikubaaqudgha
Makhleb
Nemelex Xobeh
Okawaru
Qazlal
Sif Muna
Trog
Uskayaw
Vehumet
Wu Jian
Xom
Yredelemnul
Zin
The Shining One


Innate Abilities, Weirdness & Mutations

You cannot wear most types of armour.
You are amphibious.
You can wear up to eight rings at the same time.
Your skin changes colour to match your surroundings (Stealth+).
Your rubbery body absorbs attacks. (AC +1, EV +1)
You are stealthy while swimming. (Stealth+)
You have tentacles for arms and can constrict up to eight enemies at once.
You are partially covered in icy blue scales. (AC +2)
Your system is resistant to poisons. (rPois)


Message History

You shoot a sling bullet.
The sling bullet hits the gnoll sergeant but does no damage.
The gnoll sergeant is lightly wounded.
Unknown command.
There is an open door here.
Your +1 short sword of venom begins to drip with poison!
a - a +1 short sword of venom (weapon)
The gnoll sergeant hits you from afar with a +5 vorpal spear!
The gnoll sergeant hits you with a +5 vorpal spear!
You hit the gnoll sergeant but do no damage.
The gnoll sergeant is poisoned.
The gnoll sergeant blocks your attack.
The gnoll sergeant is lightly wounded.
You barely miss the gnoll sergeant. Your grab misses the gnoll sergeant.
The gnoll sergeant is lightly wounded.
You block the gnoll sergeant's attack. The gnoll sergeant blocks your attack.
You grab the gnoll sergeant.
You squeeze the gnoll sergeant, but do no damage.
The gnoll sergeant is lightly wounded.
You constrict the gnoll sergeant, but do no damage.
The gnoll sergeant hits you with a +5 vorpal spear!
You are too injured to fight recklessly!
You are too injured to fight recklessly!
You are too injured to fight recklessly!
You hit the gnoll sergeant.
The gnoll sergeant looks as sick as possible!
The gnoll sergeant is lightly wounded.
You constrict the gnoll sergeant.
The gnoll sergeant hits you with a +5 vorpal spear!
* * * LOW HITPOINT WARNING * * *
You barely miss the gnoll sergeant.
The gnoll sergeant is moderately wounded.
You constrict the gnoll sergeant, but do no damage.
The gnoll sergeant misses you. The gnoll sergeant blocks your attack.
The gnoll sergeant is moderately wounded.
You constrict the gnoll sergeant, but do no damage.
The gnoll sergeant hits you with a +5 vorpal spear!
* * * LOW HITPOINT WARNING * * *
You die...
Your body crumbles into a pile of gold.

.....(. ....... $ ...(... .......
............. ####
###.............
#+##..############...............
.................g...............
................@#..............<
.................#...............
..##....##########.........>.....
..##....### ...##'###.....<.
..#.......# ...# ...#.......
..#.......# ....# ...#.......
..#.......# ....# .#.F.....
..'.......# +....... ..####...##
#.......


You could see a gnoll sergeant (extremely poisoned).

Vanquished Creatures
  Pikel (D:5)
  Sigmund (D:5)
  Eustachio (D:5)
  A water moccasin (D:6)
  A phantom (D:5)
  A lemure (D:5)
  A scorpion (D:4)
  A water moccasin skeleton (D:3)
  A hound (D:4)
  A jelly (D:5)
  3 orc priests
  A bullfrog skeleton (D:3)
  An iron imp (D:4)
  2 iguanas (D:4)
  An orc wizard (D:3)
  5 worker ants
  A hound skeleton (D:4)
  4 gnolls (D:3)
  8 adders
  An ooze (D:1)
  2 worms (D:3)
  2 dart slugs
  5 leopard geckos
  23 orcs
  12 bats
  4 giant cockroaches
  8 goblins
  5 hobgoblins
  6 jackals
  10 kobolds
  2 quokkas
  A ball python (D:2)
  A ball python skeleton (D:4)
  A frilled lizard (D:2)
  10 rats
129 creatures vanquished.

Vanquished Creatures (others)
  A jelly (D:6)
  81 plants (D:3)
82 creatures vanquished.

Grand Total: 211 creatures vanquished

Notes
Turn   | Place    | Note
-------+----------+-------------------------------------------
     0 | D:1      | porpoise the Octopode Wanderer began the quest for the Orb.
     0 | D:1      | porpoise set off with the following items: a +2 hand
                  | crossbow, 25 bolts, a +0 falchion, a +0 buckler, a +0
                  | dagger
     0 | D:1      | Reached XP level 1. HP: 16/16 MP: 1/1
   373 | D:1      | Reached XP level 2. HP: 16/21 MP: 2/2
   678 | D:1      | Reached skill level 4 in Fighting
   790 | D:1      | Reached XP level 3. HP: 27/27 MP: 3/3
  1807 | D:2      | Learned a level 2 spell: Blink
  2149 | D:2      | Reached XP level 4. HP: 34/34 MP: 4/4
  2733 | D:3      | Reached XP level 5. HP: 38/38 MP: 5/5
  2744 | D:3      | Reached skill level 5 in Fighting
  2855 | D:3      | Reached skill level 5 in Stealth
  2889 | D:3      | Reached skill level 1 in Short Blades
  2889 | D:3      | Reached skill level 1 in Dodging
  3088 | D:3      | Reached XP level 6. HP: 19/45 MP: 6/6
  3150 | D:3      | You fall into a shaft and drop 1 floor!
  3158 | D:4      | Gained mutation: You are partially covered in icy blue
                  | scales. (AC +2) [potion of mutation]
  3158 | D:4      | Gained mutation: Your system is resistant to poisons.
                  | (rPois) [potion of mutation]
  4829 | D:4      | Reached XP level 7. HP: 50/50 MP: 7/7
  4931 | D:4      | Learned a level 1 spell: Apportation
  4933 | D:4      | Learned a level 1 spell: Corona
  5113 | D:4      | Found a snail-covered altar of Cheibriados.
  5251 | D:4      | Found a staircase to the Ecumenical Temple.
  5817 | Temple   | Entered the Ecumenical Temple
  5962 | Temple   | Became a worshipper of Gozag Ym Sagoz the Greedy
  6084 | D:5      | Entered Level 5 of the Dungeon
  6313 | D:5      | Noticed Eustachio
  6326 | D:5      | Killed Eustachio
  6327 | D:5      | Reached XP level 8. HP: 48/55 MP: 8/8
  6538 | D:5      | Noticed Pikel
  6540 | D:5      | Reached skill level 5 in Short Blades
  6540 | D:5      | Reached skill level 5 in Dodging
  6779 | D:5      | Noticed Sigmund
  6790 | D:5      | Killed Sigmund
  6829 | D:5      | Killed Pikel
  6830 | D:5      | Reached skill level 6 in Fighting
  7102 | D:5      | Found a glowing golden altar of the Shining One.
  7353 | D:6      | Reached skill level 7 in Fighting
  7353 | D:6      | Reached XP level 9. HP: 64/64 MP: 9/9
  7497 | D:6      | HP: 1/64 [gnoll sergeant/+5 vorpal spear (17)]
  7497 | D:6      | Slain by a gnoll sergeant

Illustrated notes

Levels and vault maps discovered:
D:1:      nagdon_arrival_double_spiral, layout_basic,
          chequers_serial_rivers_marsh, hangedman_decor_clover_reticule
D:2:      layout_loops_ring, minmay_hexomino_u4
D:3:      layout_loops_ring, serial_bayou, serial_bayou_ford_a,
          serial_bayou_shore_a, serial_bayou_lagoon_a, serial_bayou_shore_b,
          serial_bayou_pond_c
D:4:      layout_basic, minmay_temple_entry_crystal_x, minmay_crystal_water,
          chei_slow_surprise
D:5:      layout_basic, kennysheep_mini_moat, uniq_pikel, uniq_eustachio,
          uniq_sigmund
D:6:      layout_gridville, old_standard_altar, xom_confusion_cloud
Temple:   regret_index_temple_chain_breaker

Skill      XL: |  1  2  3  4  5  6  7  8 |
---------------+-------------------------+-----
Fighting       | 4 5 7 |  7.0
Stealth        | 3 4 5 |  5.9
Short Blades   | 1 3 4 5 |  5.0
Dodging        | 1 3 4 5 |  5.0
Shields        | 4 |  4.0
Crossbows      | |  3.0
Throwing       | |  1.0

Action                   |  1- 3 |  4- 6 |  7- 9 || total
-------------------------+-------+-------+-------++-------
Melee: Falchion          |    58 |    18 |       ||    76
       Constrict         |    19 |    27 |    16 ||    62
       Tentacles         |    10 |    16 |    18 ||    44
       Dagger            |       |    47 |       ||    47
       Short sword       |       |     8 |    66 ||    74
       Whip              |       |     2 |     3 ||     5
       Rapier            |       |       |    17 ||    17
 Fire: Hand crossbow     |    15 |     7 |    10 ||    32
       Hunting sling     |       |    67 |    50 ||   117
Throw: Boomerang         |       |     6 |       ||     6
  Use: Scroll            |       |     4 |     3 ||     7
       Potion            |       |     3 |     1 ||     4
 Stab: Sleeping          |    10 |     3 |     1 ||    14
Armor: Skin              |     4 |     3 |     3 ||    10
Dodge: Dodged            |    26 |    35 |    35 ||    96
Block: Buckler           |     6 |     7 |     8 ||    21
       Rpst.: Falchion   |     9 |     1 |       ||    10

Table legend: (Time is in decaauts)
 A = Elapsed time spent in this place.
 B = Non-inter-level travel time spent in this place.
 C = Inter-level travel time spent in this place.
 D = Time resting spent in this place.
 E = Time spent auto-exploring this place.
 F = Levels seen in this place.
 G = Mean time per level.
                   A        B        C        D        E       F      G
               +--------+--------+--------+--------+--------+-----+--------+
         Total |   7491 |   7216 |    275 |   2877 |   3169 |   7 | 1070.1 |
       Dungeon |   7340 |   7070 |    270 |   2877 |   3039 |   6 | 1223.3 |
        Temple |    150 |    145 |      5 |      0 |    130 |   1 |  150.0 |
               +--------+--------+--------+--------+--------+-----+--------+

Top non-repeatable levels by time:
     D:4: 1784 daAuts
     D:3: 1712 daAuts
     D:1: 1669 daAuts
     D:5: 1024 daAuts
     D:2: 950 daAuts
     D:6: 199 daAuts
  Temple: 150 daAuts
